 Dungeon Crawl Stone Soup version 0.20.1-1-g8b1a95d (webtiles) character file.

5730 vishdafish the Basher (level 10, -1/98 HPs)
             Began as a Troll Fighter on July 7, 2017.
             Slain by a two-headed ogre
             ... wielding a +0 giant club
              (2 damage)
             ... on level 9 of the Dungeon.
             The game lasted 00:14:15 (6293 turns).

vishdafish the Basher (Troll Fighter)               Turns: 6293, Time: 00:14:16

Health: -1/98      AC: 14    Str: 26    XL:     10   Next: 48%
Magic:  9/9        EV: 10    Int:  4    God:
Gold:   441        SH:  0    Dex: 12    Spells: 9/9 levels left

rFire    + + .     SeeInvis .   B - +1 giant spiked club
rCold    x . .     Gourm    +   (shield currently unavailable)
rNeg     . . .     Faith    .   j - +0 fire dragon scales
rPois    .         Spirit   .   (helmet restricted)
rElec    .         Reflect  .   A - +0 cloak
rCorr    .         Harm     .   (gloves unavailable)
MR       .....                  (boots unavailable)
Stlth    +.........             (no amulet)
Regen    0.7/turn               k - ring of stealth
MPRegen  0.2/turn               (no ring)

@: no status effects
A: unfitting armour, claws 3, fast metabolism 3, gourmand, regeneration 1,
shaggy fur 1, tough skin 2
a: no special abilities


You were on level 9 of the Dungeon.
You were completely stuffed.

You visited 2 branches of the dungeon, and saw 9 of its levels.

You collected 441 gold pieces.

Inventory:

Hand Weapons
 y - a +0 morningstar
 B - a +1 giant spiked club (weapon)
Armour
 j - +0 fire dragon scales (worn)
 A - a +0 cloak (worn)
Jewellery
 k - a ring of stealth (left claw)
Wands
 e - a wand of digging (18/24)
 D - a wand of random effects (16/48)
Scrolls
 b - 2 scrolls of noise
 h - 3 scrolls of teleportation
 o - 3 scrolls of recharging
 s - a scroll of amnesia
 w - a scroll of magic mapping {unknown}
Potions
 a - a potion of curing {unknown}
 d - a potion of might
 n - a potion of brilliance
 u - 3 potions of cancellation
 v - 3 potions of flight
 x - a potion of resistance
 C - a potion of ambrosia
Books
 z - a book of Misfortune

   Spells                             Type                      Level
   a - Confusing Touch                Hexes                        1
   b - Confuse                        Hexes                        3
   c - Gell's Gravitas                Translocation                3
   d - Petrify                        Transmutation/Earth          4
   e - Metabolic Englaciation         Hexes/Ice                    5
   f - Yara's Violent Unravelling     Hexes/Transmutation          5
Comestibles
 f - 7 bread rations
 g - 5 royal jellies
 p - 4 meat rations
 q - a fruit


   Skills:
 + Level 6.0 Fighting
 * Level 9.2 Maces & Flails
 - Level 4.6 Throwing
 + Level 5.2 Armour
 + Level 5.9 Dodging
   Level 2.4 Shields


You had 9 spell levels left.
You didn't know any spells.

Dungeon Overview and Level Annotations

Branches:
Dungeon (9/15)             Temple (1/1) D:4             Orc (0/2) D:9
   Lair: D:8-11

Altars:
Dithmenos
Elyvilon
Fedhas
Gozag
Hepliaklqana
Kikubaaqudgha
Makhleb
Nemelex Xobeh
Okawaru
Qazlal
Ru
Sif Muna
Trog
Uskayaw
Vehumet
Xom
Yredelemnul
Zin
The Shining One

Shops:
D:4 }   D:7 =   D:8 !


Innate Abilities, Weirdness & Mutations

You are too large for most types of armour.
You have claws for hands.
Your metabolism is lightning-fast.
You like to eat raw meat.
Your natural rate of healing is unusually fast.
You are covered in fur. (AC +1)
You have very tough skin. (AC +2)


Message History

Aim: a two-headed ogre, wielding two giant clubs (lightly wounded)
The two-headed ogre seems to slow down.
Evoking this partially-identified wand wasted a few charges.
You impale the two-headed ogre!!
The two-headed ogre is severely wounded.
The two-headed ogre hits you with a giant club.
The two-headed ogre hits you with a giant club!
You barely miss the two-headed ogre.
The two-headed ogre is severely wounded.
You sock the two-headed ogre!
The two-headed ogre is almost dead.
The two-headed ogre hits you with a giant club!
The two-headed ogre hits you with a giant club!!
* * * LOW HITPOINT WARNING * * *
You barely miss the two-headed ogre.
The two-headed ogre is almost dead.
The two-headed ogre hits you with a giant club!!
* * * LOW HITPOINT WARNING * * *
The two-headed ogre hits you with a giant club.
You die...

#######.# ......#.# ##
......#.# ..###
......#.# ####......
......#.# #.@O......
..§...#.#######.###.###.
..≈...#.......)........
§≈≈...'..#####......###
..≈...##.# #.>#####
..≈...##.# #..#
......##.. ...#
......##..# #.##
......##..## #.#


You could see a two-headed ogre.

Vanquished Creatures
  2 two-headed ogres (D:8)
  Joseph (D:6)
  4 hogs (D:7)
  A human (D:7)
  A water moccasin (D:9)
  2 porcupines (D:9)
  Duvessa (D:6)
  A sky beast (D:8)
  A black bear (D:8)
  6 orc warriors
  An ice beast (D:9)
  A phantom (D:9)
  2 ogres
  2 centaurs (D:8)
  5 bullfrogs
  Dowan (D:6)
  3 scorpions
  The ghost of vishdafish the Ruffian, a weakling TrMo (D:3)
  2 howler monkeys (D:7)
  A crimson imp (D:6)
  A centaur zombie (D:8)
  3 orc priests
  4 hounds
  4 iguanas
  12 orc wizards
  5 worker ants
  Terence (D:3)
  A killer bee zombie (D:7)
  A worker ant zombie (D:7)
  12 adders
  2 shadow imps
  2 oozes
  An adder skeleton (D:3)
  3 worms
  A dart slug (D:2)
  3 leopard geckos
  29 orcs
  3 ball pythons
  5 bats
  6 giant cockroaches
  7 goblins
  10 hobgoblins
  15 jackals
  5 frilled lizards
  9 kobolds
  A leopard gecko skeleton (D:7)
  10 rats
195 creatures vanquished.

Vanquished Creatures (others)
  4 fungi (D:9)
  5 plants (D:9)
9 creatures vanquished.

Grand Total: 204 creatures vanquished

Notes
Turn   | Place    | Note
-------+----------+-------------------------------------------
     0 | D:1      | vishdafish the Troll Fighter began the quest for the Orb.
     0 | D:1      | Reached XP level 1. HP: 22/22 MP: 0/0
    38 | D:1      | You fall through a shaft!
    40 | D:2      | Reached skill level 2 in Maces & Flails
    49 | D:2      | Reached XP level 2. HP: 23/29 MP: 1/1
   325 | D:1      | Reached XP level 3. HP: 36/36 MP: 2/2
   926 | D:2      | Reached skill level 3 in Maces & Flails
  1011 | D:2      | Reached XP level 4. HP: 24/44 MP: 3/3
  1707 | D:3      | Noticed Terence
  1724 | D:3      | Killed Terence
  1724 | D:3      | Reached skill level 1 in Armour
  1724 | D:3      | Reached XP level 5. HP: 43/53 MP: 4/4
  1729 | D:3      | Found a sacrificial altar of Ru.
  1749 | D:3      | Noticed vishdafish's ghost (weakling TrMo)
  1762 | D:3      | Killed vishdafish's ghost
  1762 | D:3      | Reached skill level 4 in Maces & Flails
  2044 | D:3      | Reached skill level 1 in Throwing
  2369 | D:3      | Reached XP level 6. HP: 61/61 MP: 5/5
  2672 | D:4      | Found a staircase to the Ecumenical Temple.
  2686 | Temple   | Entered the Ecumenical Temple
  3324 | D:4      | Found Tucs's Gadget Shoppe.
  3342 | D:4      | Reached XP level 7. HP: 65/67 MP: 6/6
  3353 | D:4      | You fall through a shaft for 2 floors!
  3373 | D:6      | Found a bloodstained altar of Trog.
  3530 | D:6      | Noticed Duvessa
  3531 | D:6      | Noticed Dowan
  3547 | D:6      | Killed Duvessa
  3547 | D:6      | Reached skill level 5 in Maces & Flails
  3555 | D:6      | Killed Dowan
  4308 | D:7      | Reached XP level 8. HP: 78/78 MP: 7/7
  4319 | D:7      | Noticed Joseph
  4352 | D:6      | Killed Joseph
  4352 | D:6      | Reached skill level 6 in Maces & Flails
  4511 | D:7      | Found Huqehid's Jewellery Shoppe.
  4668 | D:7      | Reached XP level 9. HP: 69/85 MP: 8/8
  4690 | D:7      | Reached skill level 7 in Maces & Flails
  4974 | D:8      | Noticed a two-headed ogre
  4988 | D:8      | Killed a two-headed ogre
  4988 | D:8      | Reached skill level 5 in Fighting
  4988 | D:8      | Reached skill level 5 in Dodging
  5334 | D:8      | Found Ewaok's Distillery.
  5345 | D:8      | Reached skill level 8 in Maces & Flails
  5445 | D:8      | Noticed a two-headed ogre
  5450 | D:8      | Killed a two-headed ogre
  5450 | D:8      | Reached XP level 10. HP: 58/96 MP: 9/9
  5981 | D:9      | Reached skill level 5 in Armour
  6129 | D:9      | Found a staircase to the Orcish Mines.
  6189 | D:9      | Reached skill level 9 in Maces & Flails
  6284 | D:9      | Noticed a two-headed ogre
  6293 | D:9      | HP: 1/98 [two-headed ogre/giant club (24)]
  6293 | D:9      | Slain by a two-headed ogre

Skill      XL: |  1  2  3  4  5  6  7  8  9 10 |
---------------+-------------------------------+-----
Maces & Flails | 2 3 4 5 6 8 9 |  9.2
Fighting       | 3 4 5 6 |  6.0
Armour         | 1 2 3 4 5 |  5.2
Dodging        | 3 4 5 |  5.9
Throwing       | 1 2 3 4 |  4.6
Shields        | |  2.4

Action                   |  1- 3 |  4- 6 |  7- 9 | 10-12 || total
-------------------------+-------+-------+-------+-------++-------
Melee: Flail             |   128 |   214 |       |       ||   342
       Morningstar       |       |    45 |   193 |       ||   238
       Giant spiked club |       |       |   117 |   155 ||   272
Evoke: Wand              |       |       |     2 |     3 ||     5
  Use: Scroll            |       |     4 |     6 |     5 ||    15
       Potion            |       |     1 |     2 |     2 ||     5
 Stab: Sleeping          |     1 |       |       |       ||     1
       Paralysed         |       |     1 |       |       ||     1
  Eat: Chunk             |     2 |    16 |    22 |     6 ||    46
       Bread ration      |     1 |     2 |       |     2 ||     5
Armor: Robe              |    11 |       |       |       ||    11
       Fire dragon scale |    59 |   139 |   454 |   117 ||   769
Dodge: Dodged            |    26 |    59 |   245 |    79 ||   409
Block: Shield            |    59 |   115 |   231 |       ||   405
